Cogmind - Beta 17.1 @@@ ROGUE MODE // 2026.09.19 @ 15:35:34 Player: Figgis Result: Self-destructed Performance ------------- Evolutions (4) 2000 Regions Visited (6) 1200 Robots Destroyed (49) 245 Value Destroyed (1493) 1493 Prototype IDs (9) 180 Alien Tech Used (0) 0 Bonus (800) 800 TOTAL SCORE: 5918 Bonus ------- Registered with UFD 300 Met Optimus in HQ 500 Cogmind --------- Core Integrity 489/850 Matter 115/300 Energy 100/100 System Corruption 3% Temperature Cool (0) Movement Core (50) Location -6/Factory Parts ------- > --- POWER (2) -------- (None) > --- PROPULSION (6) --- Improved VSS Leg Improved VSS Leg > --- UTILITY (5) ------ Improved Targeting Computer Makeshift System Shield > --- WEAPON (2) ------- Heavy Pick > --- INVENTORY (5) ---- Advanced Signal Interpreter CPS Tube (2) Vortex Trap DRS Beacon (Ready) Peak State ------------ > --- POWER ------------ Improved Ion Engine Angular Momentum Engine > --- PROPULSION ------- Improved Treads Advanced Treads Advanced Treads Advanced Treads > --- UTILITY ---------- Large Storage Unit Improved Targeting Computer Improved Hardlight Generator Hacking Suite Makeshift System Shield > --- WEAPON ----------- Heavy Assault Rifle Autogun > --- INVENTORY -------- Improved Ion Engine Improved Deuterium Engine Light Angular Momentum Engine Advanced Signal Interpreter Improved Hardlight Generator Thermic Laser Heavy Assault Rifle Magnetic Acceleration Cannon Heavy Flak Cannon Rocket Launcher CPS Tube Hammer Vortex Trap DRS Beacon [Rating: 42] Favorites ----------- Power Improved Ion Engine Engine Improved Ion Engine Propulsion Light Treads Treads Light Treads Leg Improved VSS Leg Utility Large Storage Unit Device Improved Hardlight Generator Storage Large Storage Unit Processor Visual Processing Unit Hackware Makeshift System Shield Protection Improved Light Armor Plating Weapon Heavy Assault Rifle Energy Gun Medium Laser Ballistic Gun Heavy Assault Rifle Launcher Rocket Launcher Piercing Weapon Heavy Pick Build | -11 -10 -10 -10 -9 -9 -6 ------- Run | Yrd Mat Min Sub Rec Scr Fac Slots Evolved 8 | . . . . . . 8 Power 1 | . . . . . . 1 Propulsion 4 | . . . . . . 4 Utility 3 | . . . . . . 3 Weapon . | . . . . . . . Parts Attached 43 | 3 10 . 11 3 8 8 Power 8 | . 2 . 3 1 1 1 Engine 8 | . 2 . 3 1 1 1 Core . | . . . . . . . Reactor . | . . . . . . . Propulsion 13 | 2 2 . 2 . 4 3 Treads 11 | 2 2 . 2 . 4 1 Leg 2 | . . . . . . 2 Wheel . | . . . . . . . Hover . | . . . . . . . Flight . | . . . . . . . Utility 10 | . 3 . 2 . 2 3 Device 3 | . . . 1 . 2 . Storage 2 | . 2 . . . . . Processor 2 | . 1 . . . . 1 Hackware 2 | . . . . . . 2 Protection 1 | . . . 1 . . . Artifact . | . . . . . . . Weapon 12 | 1 3 . 4 2 1 1 Energy Gun 2 | . 2 . . . . . Energy Cannon . | . . . . . . . Ballistic Gun 8 | 1 1 . 3 2 1 . Ballistic Cannon . | . . . . . . . Launcher 1 | . . . 1 . . . Special Weapon . | . . . . . . . Impact Weapon . | . . . . . . . Slashing Weapon . | . . . . . . . Piercing Weapon 1 | . . . . . . 1 Special Melee Weapon . | . . . . . . . Unidentified Prototypes . | . . . . . . . Parts Lost 13 | . 3 . 1 . . 9 Power 3 | . 1 . . . . 2 Propulsion 5 | . 1 . . . . 4 Utility 1 | . . . . . . 1 Weapon 4 | . 1 . 1 . . 2 Highest Loss Streak 6 | . 1 . 1 . . 6 To Critical Strikes . | . . . . . . . Average Backups 9 | 2 4 8 11 11 11 9 Power . | 1 1 1 . . . 1 Propulsion 1 | . 1 1 2 2 1 . Utility 2 | . 1 1 4 3 3 2 Weapon 4 | 1 1 3 4 5 4 4 Tool/Special . | . . . . . . . Unused Backups 18 | . . . 1 . 8 9 Power 2 | . . . . . . 2 Propulsion . | . . . . . . . Utility 5 | . . . 1 . 2 2 Weapon 9 | . . . . . 5 4 Tool/Special 2 | . . . . . 1 1 Average Slot Usage (%) 95 | . 98 100 98 100 94 76 Engine 13 | . 13 14 14 14 12 10 Treads 27 | . 27 28 28 28 28 22 Device 1 | . . . 1 . 3 5 Storage 12 | . 13 14 14 14 12 5 Processor 4 | . 13 14 . . . 5 Hackware 1 | . . . . . . 12 Protection 6 | . . . 10 14 8 . Energy Gun 4 | . 14 14 1 . . . Ballistic Gun 21 | . 13 14 25 27 25 11 Peak Build Rating 42 | 3 8 11 15 15 25 42 Average Rating 15 | 1 7 8 13 14 17 36 On Entrance 10 | . 3 8 11 14 15 25 Avg Prop Armor Cover (%) 38 | 32 26 . . . 41 23 Naked Turns . | . . . . . . . Heaviest Build 55 | 2 29 27 36 36 47 55 Greatest Support 89 | 3 40 40 40 40 44 89 Greatest Overweight (x) 1 | . 1 . . . 1 1 Average Overweight (x) . | . . . . . . . Largest Inventory Capacity 15 | 5 15 15 15 15 15 15 Average Capacity 13 | 5 10 15 15 15 14 13 Most Carried 15 | 5 7 15 15 15 15 15 Average Carried 11 | 4 4 9 14 14 13 11 Final Capacity 15 | 5 15 15 15 15 15 5 Final Carried 15 | 5 6 15 14 15 15 4 Class Distribution -------------------- 74% | Mutant 15% | Scavenger-Mutant 9% | Hacker-Mutant Dominant Class ---------------- Mutant | -10/Materials Mutant | -10/Mines Scavenger-Mutant | -10/Subcaves Mutant | -9/Recycling Mutant | -9/Scraptown Hacker-Mutant | -6/Factory Resources | -11 -10 -10 -10 -9 -9 -6 ----------- Run | Yrd Mat Min Sub Rec Scr Fac Matter Collected 1375 | 175 323 39 275 247 10 306 Remotely . | . . . . . . . Salvage Created 1764 | . 534 85 291 401 . 453 Parts 92 | . 23 10 17 19 . 23 Haulers Intercepted 2 | . 2 . . . . . Recyclers Shooed 6 | . . . . 6 . . Parts Field Recycled . | . . . . . . . Retrieved Matter . | . . . . . . . Parts Self-Destructed 18 | . . . 18 . . . Prevented . | . . . . . . . Parts Restored . | . . . . . . . Kills | -11 -10 -10 -10 -9 -9 -6 ------- Run | Yrd Mat Min Sub Rec Scr Fac Combat Hostiles Destroyed 38 | . 12 5 9 3 . 9 Melee 2 | . . . . . . 2 Guns 33 | . 12 5 8 3 . 5 AOE 3 | . . . 1 . . 2 Classes Destroyed 10 | . 4 . 2 2 . 2 Hauler 2 | . 2 . . . . . Recycler 3 | . . . . 3 . . Turret 2 | . . . 2 . . . Watcher 4 | . 3 . . . . 1 Swarmer 14 | . 6 5 3 . . . Grunt 13 | . 6 . 3 . . 4 Duelist 1 | . . . . . . 1 Sentry 5 | . . . . 3 . 2 Programmer 2 | . . . . . . 2 Subdweller 3 | . . . 3 . . . Best Kill Streak 3 | . 3 3 2 1 . 3 Combat Bots Only 3 | . 3 3 2 1 . 2 Max Kills in Single Turn 2 | . 2 1 2 1 . 2 Gunslinging 1 | . 1 . . . . . Exploded 1 | . . . 1 . . 1 Melee 1 | . . . . . . 1 Uniques/NPCs Destroyed . | . . . . . . . Combat | -11 -10 -10 -10 -9 -9 -6 -------- Run | Yrd Mat Min Sub Rec Scr Fac Hostile Shots Fired 354 | . 76 20 76 10 . 172 Missed 105 | . 13 9 29 2 . 52 Hits 249 | . 63 11 47 8 . 120 Projectile 249 | . 63 11 47 8 . 120 Critical Strikes 4 | . 2 . . . . 2 Damage Taken 2967 | . 747 89 513 114 . 1504 Core 547 | . 160 8 18 . . 361 Absorbed by Shields 454 | . . . . . . 454 Core Remaining (%) 62 | 100 . . . . 25 . Volleys Fired 193 | . 61 13 57 20 . 42 Largest 2 | . 2 2 2 2 . 2 Hottest 90 | . 90 70 80 60 . 56 Shots Fired 373 | . 119 26 104 40 . 84 Gun 361 | . 119 26 95 40 . 81 Cannon . | . . . . . . . Launcher 12 | . . . 9 . . 3 Special . | . . . . . . . Kinetic 271 | . 51 13 86 40 . 81 Thermal 90 | . 68 13 9 . . . Explosive 12 | . . . 9 . . 3 Electromagnetic . | . . . . . . . Robot Hit Streak 15 | . 13 3 8 13 . 15 Robot Miss Streak 10 | . 3 5 10 2 . 4 Penetration Max . | . . . . . . . Secondary Targets 3 | . 1 . . . . 2 Max Gunslinging Chain 1 | . 1 . . . . 1 Shots Hit Robots 210 | . 65 10 36 30 . 69 Core Hits 94 | . 28 5 22 11 . 28 Critical Kills . | . . . . . . . Critical Parts Destroyed . | . . . . . . . Critical Strikes 6 | . 4 2 . . . . Burn 6 | . 4 2 . . . . Melee Attacks 7 | . . . . . . 7 Impact . | . . . . . . . Slashing . | . . . . . . . Piercing 7 | . . . . . . 7 Sneak Attacks . | . . . . . . . Combat Hostiles . | . . . . . . . Follow-up Attacks . | . . . . . . . Damage Inflicted 4340 | . 826 127 871 494 . 2022 Guns 3010 | . 826 127 614 494 . 949 Cannons . | . . . . . . . Explosions 1111 | . . . 257 . . 854 Melee 203 | . . . . . . 203 Ramming 16 | . . . . . . 16 Kinetic 2330 | . 298 65 524 494 . 949 Thermal 1145 | . 528 62 90 . . 465 Explosive 646 | . . . 257 . . 389 Electromagnetic . | . . . . . . . Impact . | . . . . . . . Slashing . | . . . . . . . Piercing 203 | . . . . . . 203 Highest Corruption 3 | . . . . . . 3 Average Corruption 1 | . . . . . . 1 Corruption Purged . | . . . . . . . Corruption Blocked . | . . . . . . . Effects 1 | . . . . . . 1 Heat Flow Errors 1 | . . . . . . 1 Overload Shots . | . . . . . . . Overflow Damage 198 | . . . . . . 198 Projectiles . | . . . . . . . Explosions 198 | . . . . . . 198 Melee . | . . . . . . . Knockbacks . | . . . . . . . Impact . | . . . . . . . Kinetic . | . . . . . . . Secondary . | . . . . . . . Self-Inflicted Damage 401 | . . . 29 . . 372 Shots 5 | . . . 1 . . 4 Rammed 3 | . . . . . . 3 Targets Rammed 3 | . . . . . . 3 Kicked . | . . . . . . . Crushed . | . . . . . . . Highest Temperature 255 | . 255 45 . 51 . 145 Average Temperature 39 | . 48 18 . 24 . 21 Received Heat Transfer 997 | . 393 . 114 36 . 454 Effects 3 | . 3 . . . . . Interference 3 | . 3 . . . . . Siege Activations . | . . . . . . . Martial Activations . | . . . . . . . Shielding Activations . | . . . . . . . Robots Disrupted . | . . . . . . . Combat Hostiles . | . . . . . . . Robots Corrupted . | . . . . . . . Combat Hostiles . | . . . . . . . Parts Fried . | . . . . . . . Impact Corruptions . | . . . . . . . Robots Melted . | . . . . . . . Combat Hostiles . | . . . . . . . Parts Melted 3 | . 3 . . . . . Heat Transferred 2706 | . 1814 333 259 . . 300 Parts Sabotaged . | . . . . . . . Parts Stolen . | . . . . . . . Parts Stripped . | . . . . . . . Power Chain Reactions . | . . . . . . . Alert | -11 -10 -10 -10 -9 -9 -6 ------- Run | Yrd Mat Min Sub Rec Scr Fac Maximum Alert Level 1 | . . . . . . 1 Low Security (%) 99 | 100 100 100 . 100 . 98 Level 1 . | . . . . . . 1 Level 2 . | . . . . . . . Level 3 . | . . . . . . . Level 4 . | . . . . . . . Level 5 . | . . . . . . . High Security . | . . . . . . . Max Security . | . . . . . . . Peak Influence 202 | . 70 79 . 134 . 202 Initial 134 | . . 4 . 134 . . Average 41 | . 17 17 . 47 . 98 Influence Increases 1765 | . 375 165 375 267 . 583 Destroy 0b10 Robot/C 740 | . 240 100 160 60 . 180 Destroy 0b10 Robot/NC 45 | . 25 . . 15 . 5 Destroy Leader 172 | . 70 20 20 . . 62 Successful Hack 34 | . 10 . . 10 . 14 Select Force Hacks 180 | . . . . 180 . . Disable Machine 180 | . . . . . . 180 Destroy Structure 69 | . . . . 2 . 67 Lose Combat Pursuer 345 | . 30 45 195 . . 75 Influence Decreases 1702 | . 364 176 95 511 36 520 Entered New Map 189 | . . 7 . 146 36 . Time Decay 1221 | . 344 169 85 353 . 270 Lost Part 120 | . 20 . 10 . . 90 Lost Ally 10 | . . . . . . 10 Purge Threat 162 | . . . . 12 . 150 Squads Dispatched 6 | . 3 1 . . . 2 Investigation 3 | . 1 1 . . . 1 Extermination 1 | . . . . . . 1 Reinforcement 2 | . 2 . . . . . Assault . | . . . . . . . Garrison . | . . . . . . . Intercept . | . . . . . . . Searches Triggered . | . . . . . . . Construction Impeded . | . . . . . . . Haulers Reinforced . | . . . . . . . Active Scanning Responses . | . . . . . . . Cargo Convoy Interrupts . | . . . . . . . Stealth | -11 -10 -10 -10 -9 -9 -6 --------- Run | Yrd Mat Min Sub Rec Scr Fac Distress Signals 2 | . 1 . . . . 1 Communications Jammed . | . . . . . . . Distress Signals . | . . . . . . . Times Spotted 66 | . 20 7 15 3 . 21 Peak Tracking Total 5 | . 3 3 5 1 . 4 Tactical Retreats 10 | . 2 2 3 . . 3 Traps | -11 -10 -10 -10 -9 -9 -6 ------- Run | Yrd Mat Min Sub Rec Scr Fac Traps Triggered 2 | . 2 . . . . . Indirectly . | . . . . . . . Trap Hack Attempts . | . . . . . . . Triggered . | . . . . . . . Disarmed . | . . . . . . . Reprogrammed . | . . . . . . . Reused . | . . . . . . . Traps Extracted . | . . . . . . . Installed . | . . . . . . . Triggered . | . . . . . . . Most Traps Carried 3 | . . 3 3 2 2 1 Machines | -11 -10 -10 -10 -9 -9 -6 ---------- Run | Yrd Mat Min Sub Rec Scr Fac Machines Disabled 16 | . . . 4 . . 12 Max in Single Turn 8 | . . . 2 . . 8 Garrison Access 1 | . . . . . . 1 Machines Repaired . | . . . . . . . Machines Dismantled . | . . . . . . . Machines Sabotaged . | . . . . . . . Overloaded Fab Kills . | . . . . . . . Hacking | -11 -10 -10 -10 -9 -9 -6 --------- Run | Yrd Mat Min Sub Rec Scr Fac Machines Accessed 37 | . 6 1 2 14 8 6 Terminals 17 | . 6 . . 6 . 5 Fabricators . | . . . . . . . Repair Stations . | . . . . . . . Recycling Units 6 | . . . . 6 . . Scanalyzers . | . . . . . . . Garrison Access 1 | . . . . . . 1 Total Hacks 149 | . 12 1 3 51 66 16 Successful 123 | . 3 1 3 45 66 5 Failed 26 | . 9 . . 6 . 11 Catastrophic 5 | . 2 . . . . 3 Database Lockouts . | . . . . . . . Manual 19 | . 5 . . 7 . 7 Terminals 39 | . 12 . . 12 . 15 Fabricators . | . . . . . . . Repair Stations . | . . . . . . . Recycling Units 15 | . . . . 15 . . Scanalyzers . | . . . . . . . Garrison Access 1 | . . . . . . 1 Terminal Hacks 106 | . 3 1 3 30 66 3 Record 90 | . . . 1 24 65 . Robot Analysis 2 | . 1 . . 1 . . Prototype ID Bank 1 | . . . . . . 1 Open Door 2 | . . 1 1 . . . Unreport Threat 2 | . . . . 1 . 1 Locate Traps 2 | . 1 . . 1 . . Dispatch Records 1 | . . . . 1 . . Hauler Manifests 1 | . . . . 1 . . Registered Components 1 | . . . . . . 1 Zone Layout 2 | . 1 . . 1 . . Proto ID Catalog 1 | . . . . . 1 . Release Object 1 | . . . 1 . . . Fabricator Hacks . | . . . . . . . Repair Station Hacks . | . . . . . . . Recycling Unit Hacks 9 | . . . . 9 . . Process 1 | . . . . 1 . . Report Inventory 5 | . . . . 5 . . Retrieve Matter 2 | . . . . 2 . . Retrieve Components 1 | . . . . 1 . . Scanalyzer . | . . . . . . . Garrison Access Hacks 1 | . . . . . . 1 Seal Access 1 | . . . . . . 1 Unauthorized Hacks 7 | . . . . 6 . 1 Terminals 1 | . . . . . . 1 Assimilate 1 | . . . . . . 1 Fabricators . | . . . . . . . Repair Stations . | . . . . . . . Recycling Units 6 | . . . . 6 . . Tunnel 6 | . . . . 6 . . Scanalyzers . | . . . . . . . Garrison Access . | . . . . . . . Data Cores Recovered . | . . . . . . . Used . | . . . . . . . Hacking Detections 14 | . 5 . . 4 . 5 Full Trace Events 1 | . . . . . . 1 Feedback Events . | . . . . . . . Feedback Blocked . | . . . . . . . Robot Schematics Acquired . | . . . . . . . Robots Built . | . . . . . . . Authchips . | . . . . . . . Time . | . . . . . . . Total Robot Build Rating . | . . . . . . . Part Schematics Acquired . | . . . . . . . Parts Built . | . . . . . . . Authchips . | . . . . . . . Time . | . . . . . . . Total Part Build Rating . | . . . . . . . Part Studies Acquired . | . . . . . . . Parts Repaired . | . . . . . . . Time . | . . . . . . . Parts Recycled . | . . . . . . . Recycled Matter 60 | . . . . 60 . . Retrieved Matter 60 | . . . . 60 . . Retrieved Components 8 | . . . . 8 . . Parts Scanalyzed . | . . . . . . . Part Schematics Acquired . | . . . . . . . Parts Damaged . | . . . . . . . Bothacking | -11 -10 -10 -10 -9 -9 -6 ------------ Run | Yrd Mat Min Sub Rec Scr Fac Used RIF Installer . | . . . . . . . Robots Hacked . | . . . . . . . Non-combat . | . . . . . . . Combat . | . . . . . . . Robot Hacks Applied . | . . . . . . . Relay Couplers Released . | . . . . . . . Fabnet Peak Effective % . | . . . . . . . Robots Rewired . | . . . . . . . Allies Hacked . | . . . . . . . Hacks Repelled . | . . . . . . . Allies | -11 -10 -10 -10 -9 -9 -6 -------- Run | Yrd Mat Min Sub Rec Scr Fac Total Allies 1 | . . . . . . 1 Largest Group 1 | . . . . . . 1 Highest-Rated Group 26 | . . . . . . 26 Highest-Rated Ally 26 | . . . . . . 26 Initial UFD Resources 23 | . . . . . . 23 Total Orders . | . . . . . . . Ally Attacks . | . . . . . . . Total Damage . | . . . . . . . Kills . | . . . . . . . Allies Corrupted . | . . . . . . . Allies Melted . | . . . . . . . Intel | -11 -10 -10 -10 -9 -9 -6 ------- Run | Yrd Mat Min Sub Rec Scr Fac Active Infowar (turns) 2591 | . 1377 958 256 . . . Optics 2591 | . 1377 958 256 . . . Robot Analysis Total 2 | . 1 . . 1 . . Derelict Logs Recovered 3 | . . 2 1 . . . Drone Launches . | . . . . . . . Drone Recoveries . | . . . . . . . Exploration | -11 -10 -10 -10 -9 -9 -6 ------------- Run | Yrd Mat Min Sub Rec Scr Fac Turns Passed 9071 | 29 1401 958 2042 1158 2603 880 Spaces Moved 5431 | 38 741 555 1133 681 1733 550 Core 665 | 38 43 . . . 396 188 Treads 4766 | . 698 555 1133 681 1337 362 Legs . | . . . . . . . Wheels . | . . . . . . . Hover . | . . . . . . . Flight . | . . . . . . . Fastest Speed 50 | 50 50 160 160 160 50 50 Average Speed 148 | 50 154 160 160 160 143 114 Slowest Speed 240 | 50 240 160 160 160 240 225 Overloaded Moves . | . . . . . . . Propulsion Burnouts . | . . . . . . . Robots Hopped . | . . . . . . . Potential Cave-ins . | . . . . . . . Cave-ins Triggered . | . . . . . . . Exploration Rate (%) 65 | 3 97 98 54 98 91 17 Regions Visited 6 Branch Regions 4 Pre-discovered Areas 12 | . . 1 1 6 4 . Known Exits Taken 1 | . . . . . 1 . Unknown Exits Taken 5 | 1 1 1 1 1 . . Scrap Searched 8 | . . 1 1 . 6 . Spaces Dug . | . . . . . . . Terrain Destroyed 111 | . . . 44 2 . 65 Melee . | . . . . . . . Projectile 2 | . . . . 2 . . AOE 109 | . . . 44 . . 65 Terrain Rammed . | . . . . . . . Walls Destroyed . | . . . . . . . Machines Disabled . | . . . . . . . Actions | -11 -10 -10 -10 -9 -9 -6 --------- Run | Yrd Mat Min Sub Rec Scr Fac Total 6063 | 46 880 600 1260 712 1855 710 Wait 248 | . 53 21 38 . 55 81 Move 5425 | 37 740 554 1132 680 1732 550 Hop . | . . . . . . . Pick Up 75 | 6 11 10 6 3 30 9 Fast Attach 6 | 2 1 . . . 1 2 Attach 24 | 1 8 . 2 . 5 8 Detach . | . . . . . . . Swap 30 | . 4 . 14 4 6 2 Drop 51 | . 2 2 10 5 26 6 Fire 193 | . 61 13 57 20 . 42 Melee 7 | . . . . . . 7 Ram 3 | . . . . . . 3 Kick . | . . . . . . . Crush . | . . . . . . . Escape Stasis . | . . . . . . . Rewire . | . . . . . . . Trap . | . . . . . . . Miscellaneous 1 | . . . 1 . . . Route ------- -11/Scrapyard -10/Materials (discovered 4 exits: [*Mat x3] / *Min) -10/Mines (discovered 4 exits: [*Mat x2] / [*Exi] / *Sub) -10/Subcaves (discovered 3 exits: [*Mat x2] / *Rec) -9/Recycling (discovered 2 exits: [*Fac] / *Scr) -9/Scraptown (discovered 2 exits: *Fac x2) -6/Factory (discovered 4 exits: *Fac x2 / *Low x2) History --------- Turn | Location | Event 16 | -11/Scrapyard | Discovered new exit (range 15) 30 | -11/Scrapyard | Entered Materials 318 | -10/Materials | Build established: Mutant 356 | -10/Materials | Discovered new exit (range 4) 458 | -10/Materials | Discovered new exit (range 11) 479 | -10/Materials | Discovered new exit (range 13) 885 | -10/Materials | Discovered new exit (range 8) 1040 | -10/Materials | Core integrity fell below 50% 1431 | -10/Materials | Entered Mines 1448 | -10/Mines | Learned location of 2 exits from Materials 1468 | -10/Mines | Received a Rocket Launcher from a helpful Derelict 1666 | -10/Mines | Discovered new exit (range 5) 1679 | -10/Mines | Met a Derelict bent on vengeance 1732 | -10/Mines | Deemed a non-threat by the Exiles lab entrance 1732 | -10/Mines | Discovered new exit (range 5) 2028 | -10/Mines | Found a Scrap Suit stashed away for nefarious purposes 2031 | -10/Mines | Found Scrap Suit 2120 | -10/Mines | Discovered new exit (range 13) 2278 | -10/Mines | Met a Derelict shopkeep closing up shop 2350 | -10/Mines | Found a hidden stash of uninstalled traps 2379 | -10/Mines | Discovered new exit (range 5) 2389 | -10/Mines | Entered Subcaves 2397 | -10/Subcaves | Discovered new exit (range 9) 2885 | -10/Subcaves | Learned location of Storage (-9) 2981 | -10/Subcaves | Build established: Scavenger-Mutant 3021 | -10/Subcaves | Released subatomizers from SUBCON Basin 3088 | -10/Subcaves | Discovered new exit (range 6) 3316 | -10/Subcaves | A swath of the cavern ceiling suddenly collapsed 4179 | -10/Subcaves | Build established: Mutant 4332 | -10/Subcaves | Discovered new exit (range 16) 4431 | -10/Subcaves | Entered Recycling 4484 | -9/Recycling | Scanned before Scraplab entrance 5154 | -9/Recycling | Discovered new exit (range 15) 5570 | -9/Recycling | Entered Scraplab 5586 | -9/Recycling | Discovered new exit (range 2) 5589 | -9/Recycling | Entered Scraptown 5908 | -9/Scraptown | Discovered new exit (range 9) 6055 | -9/Scraptown | Visited Comm Corps 6116 | -9/Scraptown | Visited Spacefarers 6543 | -9/Scraptown | Visited Shadow of the Wyrm 6576 | -9/Scraptown | Visited IN-MT5's Study 6661 | -9/Scraptown | Visited Cave Peace 6707 | -9/Scraptown | Visited TADAMA 6735 | -9/Scraptown | Visited SPCMW 6779 | -9/Scraptown | Visited UFD Registry 6779 | -9/Scraptown | Registered with UFD as "Pipethruster" 6816 | -9/Scraptown | Visited Science Guys 6878 | -9/Scraptown | Visited Derelict Rescue Squad 6889 | -9/Scraptown | Found DRS Beacon 6918 | -9/Scraptown | Visited Observation Area 7146 | -9/Scraptown | Visited DA-N13 Charitable Foundation 7165 | -9/Scraptown | Found DCF Scrap (28 items) 7204 | -9/Scraptown | Visited Supply Room 7291 | -9/Scraptown | Visited Cartography Club 7370 | -9/Scraptown | Learned location of Zion (-6) 7370 | -9/Scraptown | Learned location of Cetus (-4) 7370 | -9/Scraptown | Learned 24 Factory zone layouts 7370 | -9/Scraptown | Learned 16 Research zone layouts 7370 | -9/Scraptown | Learned 4 Access zone layouts 7370 | -9/Scraptown | Learned location of Hub_04(d) (-4) 7370 | -9/Scraptown | Learned 8 Lower Caves zone layouts 7370 | -9/Scraptown | Learned 16 Lower Caves zone layouts 7370 | -9/Scraptown | Learned 8 Upper Caves zone layouts 7370 | -9/Scraptown | Learned 20 Upper Caves zone layouts 7370 | -9/Scraptown | Learned 24 Upper Caves zone layouts 7370 | -9/Scraptown | Learned Research emergency access door positions 7370 | -9/Scraptown | Learned 12 Upper Caves zone layouts 7370 | -9/Scraptown | Learned location of 2 exits from Lower Caves 7370 | -9/Scraptown | Learned location of 2 exits from Proximity Caves 7370 | -9/Scraptown | Identified exit to Factory 7370 | -9/Scraptown | Learned location of 1 exit from Upper Caves 7649 | -9/Scraptown | Visited Scrapoid Pod Storage 7705 | -9/Scraptown | Visited Scrap Suit Storage 8070 | -9/Scraptown | Met Optimus 8070 | -9/Scraptown | Accepted into 0bPrime 8192 | -9/Scraptown | Entered Factory 8192 | -6/Factory | Evolved 8 slots: Power x1, Propulsion x4, Utility x3 8193 | -6/Factory | Identified exit to Lower Caves 8193 | -6/Factory | Identified exit to Factory 8494 | -6/Factory | Build established: Hacker-Mutant 8975 | -6/Factory | Lost 6 parts (1p4n1w) 9001 | -6/Factory | Discovered exit to Factory (range 5) 9004 | -6/Factory | Discovered exit to Lower Caves (range 13) 9072 | -6/Factory | Self-destructed Last Messages --------------- 08980_ K-01 Serf collects debris. 08982_ R-10 Processor collects Hammer. 08988_ K-01 Serf cleans the Construction Platform. 09001_ EXIT=FOUND: FACTORY 09002_ K-01 Serf cleans the Power Conduit. 09002_ Autogun destroyed. 09004_ EXIT=FOUND: LOWER CAVES 09006_ Slammed into A-15 Conveyor. 09013_ Connecting with Garrison Access... >>Seal Access door sealed. 09023_ K-01 Serf cleans the Fusion Modulator. 09028_ Dropped Adv. Heat Sink. 09029_ Acquired Hvy. Pick. 09040_ K-01 Serf cleans the Fusion Modulator. 09043_ Acquired Imp. VSS Leg. 09057_ P-60 Hacker destroyed. 09062_ Hacking Suite destroyed. 09063_ Y-54 Guardian destroyed. 09066_ System corrupted: Heat flow error (+181). Map ----- +----------------------------------------------------+ | "" """ #??????# #???????# | | "" """ ##############???## | | # #????# | | # """" """" #????# | | ##+########### # """" """" #????# """ | | # # # """" """" #????# """ | | # """"""" # # """" """" #????# #### """ | | # """"""" + # #????# #??# "" | | # """"""" # + """" """" #????# #??# "" | | # """"""" # # """" """" #????# #??# | | # # # """" """" #????# #??# | | # """"""" ####### """" """" #????# #??# | | # """"""" #?????# #????# #??# | | # """"""" #?????# #????# #??# | | # """"""" #?????##############??### #### ## | | # #????????????????????????????# ??? | | # #???????##########???????????# ?????? | | ## #???????# #??????????????????? | | ?#############???????# #??????????????????? | | ?????????????????????# === #?????????????# ???? | | ?????????????????????# == #?????????????! ???? | | ?????????????????????# = == #?????? ???? >???? | | ???????########??????# #?????? ???? ???? | | ???????# #??????# #?????? ????# ???? | | ???????# ! ######## ! #????## ##??# ???? | | ##?????# ## #=!%@ #????# #??# ???? | | #?????# ## ###Y########### #??# #??? | | #?????# ## !!=^ #??# #??? | | #?????# ## #### ###? | | #?????# ## ?# ## | | #?????# ## """ """ """ """ """ #??# ! ## | | #?????# ## """ """ """ """ """ #??# < + | | #?????# ## """ """ """ """ """ #??# * ## | | #?????# ## #??# ## | | #?????# ## ######+#### | | ######## ## + # | | ##+###### ######+########+##+##""" # | | + /# #""" # | | # """" ! # """ ""#"S # | | # """" # """ ""#""" # | | ????? #######+### ## """" # """ G# "" # | | ?????????????????# ## """" ! # ""# # | | ?????????????????# ## # ""# # | | ?????????????!???# ############ ! # ! # | | ?????????????????# #??????????# ########## | | ?????????????????# #??????????##+########????????? | | ?????????????????# #???????????# #???????????????? | | ????????????????? ????????????# #???????????????? | | ????????????????? ????????????# #???????????????? | | ????????????????? ????????????# #???????????????? | +----------------------------------------------------+ Best States ------------- Heat Dissipation 37 Energy Generation 25 Energy Capacity 465 Matter Stores 300 Matter Capacity 300 Sight Range 21 Terrain Scan Density 10 Armor Coverage 150 Evasion (%) 50 Targeting Accuracy 6 Recoil Reduction 4 Offensive Hacking 10 Defensive Hacking 11 Item Schematics ----------------- None Robot Schematics ------------------ None Fabricated ------------ Nothing Repaired ---------- Nothing Studied --------- None Alien Tech Used ----------------- None Achievements -------------- Network Effect Challenges ------------ None Game ------ Seed CarbideStormAccelerator Manual? 0 Play Time 00:49:25 Cumulative 225.9 hours Start 2026.09.19 @ 14:48:48 End 2026.09.19 @ 15:35:34 Sessions 1 Manual Loads 0 Difficulty Rogue Special Mode None Game No. 356 Rogue 353 Adventurer 3 Explorer 0 Win Type - Total 2 Types 2/0/0/0/0/0/0/0/0/0 Lore% 67 Gallery% 58 Achievement% 34 Wizard Run 0 Options --------- Layout 0 ASCII 0 Keyboard 0 Movement Mouse Keybinds 0 Fullscreen 2 Font 18/SmallcapsGlow Map View 76x50 Zoom Use 0% Tactical HUD 1 Map Filters NONE Filters NONE Steam 1 RUN: 94da6213-12e0-479b-b263-e5377f06acc9